 Dungeon Crawl Stone Soup version 0.28.0 (webtiles) character file.

Game seed: 9149726319384578082

64 mcwallace the Firebug (level 4, -3/24 HPs)
             Began as a Vine Stalker Cinder Acolyte on Feb 18, 2022.
             Was a High Priest of Ignis.
             Killed by nerve-wracking pain
             ... invoked by Grinder
              (13 damage)
             ... on level 3 of the Dungeon.
             The game lasted 00:03:06 (2344 turns).

mcwallace the Firebug (Vine Stalker Cinder Acolyte) Turns: 2344, Time: 00:03:06

Health: -3/24      AC:  3    Str: 16    XL:     4   Next: 12%
Magic:  0/8        EV: 11    Int: 16    God:    Ignis [*****.]
Gold:   99         SH:  0    Dex: 12    Spells: 5/7 levels left

rFire   + + +      SeeInvis .   q - +3 mace of Saltpetre {speed, rF++ Dex+2, mace}
rCold   . . .      Faith    .   (no shield)
rNeg    . . .      Spirit   +   b - +0 robe
rPois   .          Reflect  .   (no helmet)
rElec   .          Harm     .   (no cloak)
rCorr   .          Rampage  .   n - +0 pair of gloves
Will    .....                   (no boots)
Stlth   +.........              (no amulet)
HPRegen 0.88/turn               (no ring)
MPRegen 0.11/turn               (no ring)

@: no status effects
A: fangs 2, regeneration 1, magic shield, antimagic bite, no potion heal 2
a: Renounce Religion, Fiery Armour, Foxfire Swarm, Rising Flame


You were on level 3 of the Dungeon.
You worshipped Ignis.
Ignis was extremely pleased with you.
You visited 1 branch of the dungeon, and saw 3 of its levels.

You collected 99 gold pieces.


Innate Abilities, Weirdness & Mutations

You have extremely sharp teeth.
Your natural rate of healing is unusually fast.
When hurt, damage is shared between your health and your magic reserves.
Your bite disrupts and absorbs the magic of your enemies.
Potions cannot restore your health.


   Skills:
 + Level 3.2 Fighting
 - Level 3.1 Axes
 + Level 2.1 Spellcasting
 + Level 3.5 Fire Magic


You had 5 spell levels left.
You knew the following spells:

 Your Spells              Type           Power      Damage    Failure   Level
a - Scorch                Fire           26%        2d6       7%          2

Your spell library contained the following spells:

 Spells                   Type           Power      Damage    Failure   Level
 Sting                    Tmut/Pois      4%         1d3       21%         1
 Poisonous Vapours        Pois/Air       2%         N/A       30%         2
 Olgreb's Toxic Radiance  Pois           1%         N/A       90%         4

Inventory:

Hand Weapons
 a - a -1 hand axe of flaming {axe}
 q - the +3 mace of Saltpetre (weapon) {speed, rF++ Dex+2, mace}
   (You found it on level 2 of the Dungeon)

   Attacks with this weapon are significantly faster.
   Dex:       It affects your dexterity (+2).
   rF:        It greatly protects you from fire.
Missiles
 c - 34 stones {throwing}
 f - 3 poisoned darts {throwing}
 h - 5 javelins {throwing}
 k - 28 bolts
 m - 69 arrows
Armour
 b - a +0 robe (worn)
 n - a +0 pair of gloves (worn)
   (You found it on level 2 of the Dungeon)
 p - a scarf of harm
   (You found it on level 2 of the Dungeon)
Jewellery
 d - a ring of ice
   (You found it on level 1 of the Dungeon)
Scrolls
 g - a scroll of vulnerability {unknown}
 j - a scroll of holy word {unknown}
 l - 5 scrolls of identify {unknown}
 o - a scroll of magic mapping {unknown}
 r - a scroll of enchant weapon {unknown}
Potions
 e - 3 potions of lignification {unknown}
 i - a potion of magic {unknown}

Dungeon Overview and Level Annotations

Branches:
Dungeon (3/15)

Altars:

Shops:
D:1 [

Annotations:
D:3 Grinder

#...#...........# #
#...#...........# .# #
#...............####.#.#
#.........#.............
#.........######....#
#...#####...........+
#...# #.######....#
#...############....###.
....+.........@5l.......
##...############....###.
#......... #.........
..>....... ##.........
#......... #.........
#.........


You could see Grinder (combustible) and a frilled lizard.


Message History

The hobgoblin shouts!
Flames lash the hobgoblin.
You kill the hobgoblin! 😎 MP[-2]
You lost 2 mp, and now have 6/8 mp.
No target in view!
Key pressed, stopping explore.
An endoplasm comes into view. 😎 MP[+2]
Your mp is fully restored (8).
An endoplasm is nearby!
An endoplasm is nearby!
An endoplasm is nearby!
Flames lash the endoplasm.
You kill the endoplasm! 😎 MP[-2]
You lost 2 mp, and now have 6/8 mp.
No target in view!
As you open the door, it creaks loudly! 😎 MP[+2]
Your mp is fully restored (8).
There is an open door here.
There is an open door here.
Key pressed, stopping explore.
There is a stone staircase leading down here.
Key pressed, stopping explore.
Found an escape hatch in the floor.
There is an escape hatch in the floor here.
Done exploring.
Done exploring.
Done exploring.
Done exploring.
There is a stone staircase leading down here.
You climb downwards.
There is a stone staircase leading up here.
You open the door.
There is an open door here.
Found a stone staircase leading down.
A bat comes into view.
A bat is nearby!
You can't see any susceptible monsters within range! (Use Z to cast anyway.)
You can't see any susceptible monsters within range! (Use Z to cast anyway.)
You can't see any susceptible monsters within range! (Use Z to cast anyway.) Flames lash the bat.
You kill the bat! 😎 MP[-2]
You lost 2 mp, and now have 6/8 mp.
Grinder comes into view.
Grinder shouts! 😎 MP[+2]
Your mp is fully restored (8).
Grinder gestures at you. You resist with significant effort.
Flames lash Grinder.
Grinder's fire resistance burns away.
You hear an angry hiss. 😎 MP[-2]
You lost 2 mp, and now have 6/8 mp.
You miscast Scorch.
You are very lightly contaminated with residual magic.
Nothing appears to happen.
Grinder gestures at you.
You struggle to resist. 😎 MP[-2]
You lost 2 mp, and now have 4/8 mp.
Flames lash Grinder.
Grinder gestures at you.
You resist with significant effort. 😎 MP[-2]
You lost 2 mp, and now have 2/8 mp.
Flames lash Grinder.
Grinder is burned terribly!
Grinder is nearby! 😎 MP[-2]
You lost 2 mp, and now have 0/8 mp.
You hit Grinder. Grinder closely misses you.
You closely miss Grinder. Your bite misses Grinder. Grinder hits you. 😕 HP[-5]
You take 5 damage, and now have 19/24 hp.
MASSIVE DAMAGE!! (PAUSE)
You completely miss Grinder. Your bite misses Grinder.
Grinder hits you but does no damage. 😕 HP[+1]
You barely miss Grinder.
A frilled lizard comes into view.
The frilled lizard hisses angrily.
You sock Grinder! Grinder hits you.
Your magical contamination has completely faded away. 😮 HP[-3]
You take 3 damage, and now have 17/24 hp.
You closely miss Grinder. Grinder hits you.
You writhe in agony.
* * * LOW HITPOINT WARNING * * *
😨 HP[-8]
You take 8 damage, and now have 9/24 hp.
MASSIVE DAMAGE!! (PAUSE)
You hit Grinder. Grinder closely misses you. 😨 HP[+1]
You hit Grinder. Your bite misses Grinder. Grinder gestures at you.
Pain shoots through your body!
Ouch! That really hurt!
You die...

Skill      XL: |  1  2  3 |
---------------+----------+-----
Fighting       | 3 |  3.2
Axes           | 3 |  3.1
Spellcasting   | 2 |  2.1
Fire Magic     | |  3.5

Action                   |  1- 3 |  4- 6 || total
-------------------------+-------+-------++-------
Melee: Hand axe          |    48 |       ||    48
       Bite              |    12 |       ||    12
       Mace              |     2 |     8 ||    10
Throw: Stone             |     6 |       ||     6
 Cast: Scorch            |    18 |     8 ||    26
Armor: Robe              |    12 |     1 ||    13
Dodge: Dodged            |    43 |     2 ||    45

Levels and vault maps discovered:
D:1:      arrival_aquarium_a, layout_basic, serial_shops, nicolae_square_shop
D:2:      layout_basic, nicolae_ecumenical_oubliette, minmay_indecisive_spiral
D:3:      layout_basic, grunt_decor_mini_mirrors, uniq_grinder, uniq_sigmund

Notes
Turn   | Place    | Note
-------+----------+-------------------------------------------
     0 | D:1      | mcwallace the Vine Stalker Cinder Acolyte began the quest
                  | for the Orb.
     0 | D:1      | Reached XP level 1. HP: 11/11 MP: 3/3
     0 | D:1      | magus.rc [v1.9.6]
    12 | D:1      | Noticed an electric eel
   205 | D:1      | Reached XP level 2. HP: 16/16 MP: 5/5
   279 | D:1      | Learned a level 2 spell: Scorch
   371 | D:1      | Reached skill level 3 in Fighting
   371 | D:1      | Reached skill level 3 in Axes
   577 | D:1      | Reached XP level 3. HP: 20/20 MP: 3/6
   920 | D:1      | Found Uxkedgho's Armour Shoppe.
  1663 | D:2      | Found a faded altar of an unknown god.
  1676 | D:2      | You add the spells Sting, Poisonous Vapours and Olgreb's
                  | Toxic Radiance to your library.
  1782 | D:2      | Identified the +3 mace of Saltpetre {speed, rF++ Dex+2}
  1815 | D:2      | Reached skill level 2 in Spellcasting
  1816 | D:2      | Gained mutation: Your natural rate of healing is unusually
                  | fast. [Vine Stalker growth]
  1816 | D:2      | Reached XP level 4. HP: 18/24 MP: 0/8
  2324 | D:3      | Noticed Grinder
  2344 | D:3      | Killed from afar by Grinder

Vanquished Creatures
  A gnoll (D:1)
  An adder (D:2)
  A dart slug (D:2)
  4 endoplasms
  2 giant cockroaches (D:1)
  A goblin (D:2)
  2 hobgoblins
  7 jackals (D:1)
  3 quokkas
  3 ball pythons
  2 bats
  A frilled lizard (D:1)
  6 kobolds
  7 rats
41 creatures vanquished.

Table legend:
 A = Non-vault XP
 B = Vault XP
 C = Vault XP percentage of total XP
 D = Non-vault monster count
 E = Vault monster count
 F = Vault count percentage of total count
                 A         B        C        D         E       F
            +---------+---------+-------+---------+---------+-------
      Total |      87 |       5 |   5.4 |      37 |       4 |   9.8
            +---------+---------+-------+---------+---------+-------
        D:1 |      54 |       0 |   0.0 |      25 |       0 |   0.0
        D:2 |      32 |       5 |  13.5 |      11 |       4 |  26.7
        D:3 |       1 |       0 |   0.0 |       1 |       0 |   0.0
            +---------+---------+-------+---------+---------+-------

Illustrated notes

Table legend:
 A = Kills in this place as a percentage of kills in entire the game.
 B = Kills by you in this place as a percentage of kills by you in the entire game.
 C = Kills by friends in this place as a percentage of kills by friends in the entire game.
 D = Other kills in this place as a percentage of other kills in the entire game.
 E = Experience gained in this place as a percentage of experience gained in the entire game.
 F = Experience gained in this place divided by the number of levels of this place that you have seen.
                   A       B       C       D       E      F
               +-------+-------+-------+-------+-------+----------------------
         Total | 100.0 | 100.0 |   N/A |   N/A | 100.0 |  30.7
       Dungeon | 100.0 | 100.0 |   N/A |   N/A | 100.0 |  30.7
               +-------+-------+-------+-------+-------+----------------------

Table legend: (Time is in decaauts)
 A = Elapsed time spent in this place.
 B = Non-inter-level travel time spent in this place.
 C = Inter-level travel time spent in this place.
 D = Time resting spent in this place.
 E = Time spent auto-exploring this place.
 F = Levels seen in this place.
 G = Mean time per level.
                   A        B        C        D        E       F      G
               +--------+--------+--------+--------+--------+-----+--------+
         Total |   2349 |   2276 |     73 |      0 |   2025 |   3 |  783.0 |
       Dungeon |   2349 |   2276 |     73 |      0 |   2025 |   3 |  783.0 |
               +--------+--------+--------+--------+--------+-----+--------+

Top non-repeatable levels by time:
     D:1: 1348 daAuts
     D:2: 922 daAuts
     D:3: 78 daAuts
